 Dungeon Crawl Stone Soup version 0.30-a0-702-gdf48620a09 (webtiles) character file.

Game seed: 4429767369207339158

15862 Newt the Slicer (level 12, -7/91 HPs)
             Began as a Demonspawn Gladiator on Jan 21, 2023.
             Was an Elder of Dithmenos.
             Hit by a silver javelin thrown by a minotaur (10 damage)
             ... in a Gauntlet.
             The game lasted 00:25:05 (13548 turns).

Newt the Slicer (Demonspawn Gladiator)             Turns: 13548, Time: 00:25:05

Health: -7/91      AC:  9    Str: 22    XL:     12   Next: 5%
Magic:  15/19      EV: 19    Int:  9    God:    Dithmenos [****..]
Gold:   623        SH:  9    Dex: 15    Spells: 20/21 levels left

rFire   x . .      SeeInvis .    j - +7 short sword "Ahoshras" {flame, rElec rF- Will++ rCorr}
rCold   . . .      Faith    .    (no shield)
rNeg    . . .      Spirit   .    H - +2 leather armour {rPois}
rPois   +          Reflect  +    c - +0 helmet
rElec   +          Harm     +    R - scarf {harm}
rCorr   +          Rampage  .    (no gloves)
Will    ++...      Clarity  +    Z - +0 pair of boots {Stlth+}
Stlth   +++++++    NoTele   +    K - amulet of reflection
HPRegen 0.35/turn                P - +5 ring of evasion
MPRegen 0.16/turn                r - ring of poison resistance

@: mighty, wreathed by umbra
A: claws 2, slimy green scales 1, powered by pain 2, demonic magic 3, hooves 1,
large bone plates 1, clarity, strong 1
a: Renounce Religion, Shadow Step


You were in a Gauntlet.
You worshipped Dithmenos.
Dithmenos was greatly pleased with you.
You visited 2 branches of the dungeon, and saw 12 of its levels.
You also visited: Sewer, Bailey and Gauntlet.

You collected 623 gold pieces.

Inventory:

Hand Weapons
 a - a +0 rapier
 j - the +7 short sword "Ahoshras" (weapon) {flame, rElec rF- Will++ rCorr}
   (You took it off a kobold on level 3 of the Dungeon)

   rF:        It makes you vulnerable to fire.
   rElec:     It insulates you from electricity.
   rCorr:     It protects you from acid and corrosion.
   Will:      It greatly increases your willpower.
 k - a +2 vampiric long sword
 D - a +0 triple crossbow
 F - a +4 short sword of freezing
Missiles
 M - a javelin
 T - 2 poisoned darts
Armour
 c - a +0 helmet (worn)
 E - the +7 Kryia's mail coat {PotionHeal*2 rC+}
   (You found it on level 7 of the Dungeon)

   PotionHeal*2: Potions heal its wearer twice as much.
   rC:        It protects you from cold.
 H - a +2 leather armour of poison resistance (worn)
 I - the +4 chain mail "Qecaqy" {Will+}
   (You found it in a bailey)

   Will:      It increases your willpower.
 J - a +2 ring mail of positive energy
 R - a scarf of harm (worn)
 S - +0 acid dragon scales
 Z - a +0 pair of boots of stealth (worn)
Jewellery
 b - a +6 ring of dexterity
 h - a ring of fire
 q - a ring of resist corrosion
 r - a ring of poison resistance (right claw)
 s - a ring of ice
 B - a +6 ring of intelligence
 K - an amulet of reflection (around neck)
 P - a +5 ring of evasion (left claw)
 U - a ring of protection from fire
Wands
 l - a wand of polymorph (9)
 m - a wand of digging (6)
 Q - a wand of acid (2)
 X - a wand of paralysis (1)
Scrolls
 e - a scroll of magic mapping
 f - a scroll of brand weapon {unknown}
 i - 2 scrolls of fog
 p - 5 scrolls of teleportation
 t - 2 scrolls of poison
 y - 2 scrolls of enchant armour
 z - 2 scrolls of blinking
 A - 3 scrolls of enchant weapon
 W - 2 scrolls of silence
Potions
 d - a potion of heal wounds
 g - 2 potions of invisibility
 o - a potion of ambrosia
 u - 2 potions of cancellation
 v - 5 potions of curing
 w - 3 potions of brilliance
 x - 3 potions of flight
 G - 4 potions of haste
 L - a potion of might
 N - a potion of resistance
 V - a potion of magic
Miscellaneous
 O - a phial of floods


   Skills:
 - Level 7.0 Fighting
 - Level 9.0 Short Blades
 - Level 1.7 Throwing
 - Level 4.1 Armour
 - Level 6.3 Dodging
 - Level 9.0 Stealth
 - Level 5.0 Spellcasting
 * Level 3.2 Hexes
 - Level 9.0 Evocations


You had 20 spell levels left.
You knew the following spells:

 Your Spells              Type           Power      Damage    Failure   Level
a - Slow                  Hex            32%        N/A       8%          1

Your spell library contained the following spells:

 Spells                   Type           Power      Damage    Failure   Level
 Confusing Touch          Hex            8%         N/A       22%         3
 Necrotise                Necr           8%         1d4       28%         1
 Vampiric Draining        Necr           2%         2d6       63%         3
 Leda's Liquefaction      Hex/Erth       2%         N/A       82%         4
 Lee's Rapid Deconstruct  Erth           1%         3d4*      100%        5
 Statue Form              Tmut/Erth      1%         N/A       100%        6


Dungeon Overview and Level Annotations

Branches:
Dungeon (11/15)            Temple (1/1) D:6            Lair (0/5) D:8
  Sewer (visited)          Bailey (visited)         Gauntlet (1/1)
    Orc: D:9-12

Altars:
Ashenzari
Cheibriados
Dithmenos
Fedhas
Gozag
Hepliaklqana
Kikubaaqudgha
Makhleb
Nemelex Xobeh
Okawaru
Qazlal
Ru
Sif Muna
Trog
Uskayaw
Vehumet
Wu Jian
Xom
Yredelemnul

Annotations:
D:3 2 transporters, omnomnOMINOUS's ghost, amateur OpWn Gauntlet 16 runed translucent doors, 10 transporters


Innate Abilities, Weirdness & Mutations

You have very sharp fingernails.
You are partially covered in slimy green scales. (AC +2)
You sometimes gain power by taking damage.
Spells you cast and wands you use may paralyse nearby enemies.
You have large cloven feet.
You are partially covered in large bone plates. (SH +4)
You possess an exceptional clarity of mind.
Your muscles are strong. (Str +4, Int/Dex -1)


Message History

The minotaur burns you! The minotaur misses you.
Aiming: Slow (safe; 8% risk of failure)
Press: ? - help, Q - select action, (/) - cycle Shift-Dir - straight line, f/p - minotaur
Aim: a minotaur, wielding a +2 battleaxe of flaming, wearing a +0 plate armour, wearing a ring of magical power and quivering silver javelins (lightly wounded, umbra, chance to affect: 0%)
The minotaur resists with almost no effort.
Malevolent energies surge around you. The minotaur barely misses you.
The minotaur closely misses you.
Aiming: Slow (safe; 8% risk of failure)
Press: ? - help, Q - select action, (/) - cycle Shift-Dir - straight line, f/p - minotaur
Aim: a minotaur, wielding a +2 battleaxe of flaming, wearing a +0 plate armour, wearing a ring of magical power and quivering silver javelins (lightly wounded, umbra, chance to affect: 0%)
The minotaur resists with almost no effort.
Malevolent energies surge around you. You block the minotaur's attack.
The minotaur gores you!
Aiming: Slow (safe; 8% risk of failure)
Press: ? - help, Q - select action, (/) - cycle Shift-Dir - straight line, f/p - minotaur
Aim: a minotaur, wielding a +2 battleaxe of flaming, wearing a +0 plate armour, wearing a ring of magical power and quivering silver javelins (lightly wounded, umbra, chance to affect: 0%)
The minotaur resists with almost no effort.
Malevolent energies surge around you. You block the minotaur's attack.
The minotaur gores you!
Aiming: Paralyse
Press: ? - help, Shift-Dir - straight line, f/p - minotaur
Aim: a minotaur, wielding a +2 battleaxe of flaming, wearing a +0 plate armour, wearing a ring of magical power and quivering silver javelins (lightly wounded, umbra, chance to affect: 9%)
The minotaur resists with almost no effort.
Malevolent energies surge around you. The minotaur closely misses you.
You block the minotaur's attack.
Aiming: Paralyse
Press: ? - help, Shift-Dir - straight line, f/p - minotaur
Aim: a minotaur, wielding a +2 battleaxe of flaming, wearing a +0 plate armour, wearing a ring of magical power and quivering silver javelins (lightly wounded, umbra, chance to affect: 9%)
The minotaur resists with almost no effort.
Malevolent energies surge around you.
The minotaur hits you with a +2 battleaxe of flaming!
The minotaur burns you!
* * * LOW HITPOINT WARNING * * *
The minotaur gores you but does no damage.
The minotaur throws a silver javelin.
The silver javelin pierces through you!
* * * LOW HITPOINT WARNING * * *
You focus on the pain.
You feel very mighty all of a sudden. The silver sears you!
You die...

### .. .# ###
##H#⌠.⌠# #....∩.#
#@##⌠.⌠#
#.#######.#
#.........#
#.###.#######.#
#.............#
#########.#########
#≈...............≈#
##
#8.8.8.8.8.8.8.8.8#
# 8#
#≈...............≈#
#


You could see a minotaur.

Vanquished Creatures
  Fannar (D:10)
  A centaur warrior (D:11)
  3 two-headed ogres
  An orange crystal statue (Gauntlet)
  An orc knight (D:11)
  A manticore (D:11)
  A deep elf pyromancer (D:11)
  A cyclops (D:10)
  A gargoyle (Bailey)
  An efreet (D:9)
  A meliai (D:11)
  Prince Ribbit (D:7)
  A raiju (Gauntlet)
  A vampire (Bailey)
  3 centaur simulacra (Gauntlet)
  A wraith (D:9)
  3 wyverns
  15 yaks
  A steam dragon (D:9)
  An acid dragon (D:9)
  A water moccasin (D:5)
  3 orc warriors
  6 ice beasts
  A sky beast (D:5)
  8 centaurs
  2 phantoms (D:4)
  2 kobold brigands
  5 bullfrogs
  3 gnoll sergeants
  6 scorpions
  A necrophage (D:7)
  A cane toad simulacrum (Gauntlet)
  7 wights (D:7)
  21 killer bees
  8 vampire bats (Bailey)
  An electric eel (D:10)
  A howler monkey (D:11)
  5 wolf zombies (Bailey)
  2 jellies
  8 orc priests
  7 hounds
  15 orc wizards
  3 iguanas
  A lightning spire (Gauntlet)
  11 gnolls
  12 adders
  3 river rats (Sewer)
  A shadow imp (D:8)
  A white imp (D:7)
  6 worms
  2 dart slugs
  24 orcs
  11 bats
  5 endoplasms
  4 giant cockroaches
  6 goblins
  9 hobgoblins
  3 jackals (Sewer)
  4 quokkas
  10 ball pythons
  4 frilled lizards
  14 kobolds
  20 orc zombies (Bailey)
  9 rats
317 creatures vanquished.

Vanquished Creatures (others)
  25 demonic plants (Gauntlet)
25 creatures vanquished.

Grand Total: 342 creatures vanquished

Notes
Turn   | Place    | Note
-------+----------+-------------------------------------------
     0 | D:1      | Newt the Demonspawn Gladiator began the quest for the Orb.
     0 | D:1      | Reached XP level 1. HP: 16/16 MP: 1/1
   174 | D:1      | Reached skill level 1 in Stealth
   364 | D:1      | Gained mutation: You are partially covered in slimy green
                  | scales. (AC +2) [demonic ancestry]
   364 | D:1      | Reached XP level 2. HP: 22/22 MP: 2/2
   614 | D:2      | Gained mutation: You sometimes gain a little power by
                  | taking damage. [demonic ancestry]
   614 | D:2      | Reached XP level 3. HP: 17/28 MP: 3/3
   829 | D:2      | Found a faded altar of an unknown god.
  1238 | D:3      | Identified the +7 short sword "Ahoshras" {flame, rElec rF-
                  | Will++ rCorr}
  1431 | D:3      | Noticed omnomnOMINOUS's ghost (amateur OpWn)
  1467 | D:3      | Found a transporter.
  1564 | D:3      | Found a transporter.
  1693 | D:3      | Reached XP level 4. HP: 35/37 MP: 4/4
  1995 | D:4      | Gained mutation: Spells you cast may paralyse adjacent
                  | enemies. [demonic ancestry]
  1995 | D:4      | Reached XP level 5. HP: 38/42 MP: 5/5
  2403 | D:4      | Gained mutation: You have sharp fingernails. [demonic
                  | ancestry]
  2403 | D:4      | Reached XP level 6. HP: 27/48 MP: 6/6
  2892 | D:4      | Reached XP level 7. HP: 48/54 MP: 7/7
  2945 | D:4      | Found a burning altar of Makhleb.
  2945 | D:4      | Noticed a blizzard demon
  3030 | D:5      | Entered Level 5 of the Dungeon
  3100 | D:5      | HP: 2/54 [ice beast (9)]
  3112 | D:5      | Reached skill level 5 in Stealth
  3278 | D:5      | Reached skill level 5 in Short Blades
  3390 | D:5      | Reached skill level 1 in Evocations
  3390 | D:5      | Gained mutation: You have very sharp fingernails. [demonic
                  | ancestry]
  3390 | D:5      | Reached XP level 8. HP: 58/60 MP: 8/8
  3489 | D:5      | Found a glowing drain.
  3529 | Sewer    | Entered a sewer
  6176 | D:6      | Found a staircase to the Ecumenical Temple.
  6190 | Temple   | Entered the Ecumenical Temple
  6253 | Temple   | Became a worshipper of Dithmenos the Shadowed
  6407 | D:6      | Gained mutation: Spells you cast may paralyse nearby
                  | enemies. [demonic ancestry]
  6407 | D:6      | Reached XP level 9. HP: 65/65 MP: 9/9
  6911 | D:7      | Found the +7 Kryia's mail coat {PotionHeal*2 rC+}
  6935 | D:7      | Reached skill level 5 in Dodging
  6944 | D:7      | Noticed Prince Ribbit
  6956 | D:7      | Killed Prince Ribbit
  7015 | D:7      | Reached * piety under Dithmenos
  7162 | D:7      | Found a flagged portal.
  7173 | Bailey   | Entered a bailey
  7516 | Bailey   | Reached ** piety under Dithmenos
  7775 | Bailey   | Gained mutation: Spells you cast and wands you use may
                  | paralyse nearby enemies. [demonic ancestry]
  7775 | Bailey   | Reached XP level 10. HP: 68/71 MP: 10/10
  7822 | Bailey   | Noticed a gargoyle
  7830 | Bailey   | Killed a gargoyle
  7901 | Bailey   | Identified the +4 chain mail "Qecaqy" {Will+}
  9050 | D:8      | Found a staircase to the Lair.
  9102 | D:8      | Reached *** piety under Dithmenos
  9158 | D:8      | Reached skill level 5 in Fighting
  9665 | D:8      | Noticed a two-headed ogre
  9670 | D:8      | Killed a two-headed ogre
 10210 | D:9      | Reached skill level 5 in Evocations
 10621 | D:9      | Found an ancient bone altar of Kikubaaqudgha.
 10627 | D:9      | Found a shimmering blue altar of Sif Muna.
 10628 | D:9      | Found a radiant altar of Vehumet.
 10631 | D:9      | Got Kikubaaqudgha's Cyclopedia of Black Rites
 10841 | D:10     | Entered Level 10 of the Dungeon
 11015 | D:10     | Noticed Fannar
 11061 | D:10     | Killed Fannar
 11062 | D:10     | Reached XP level 11. HP: 60/84 MP: 11/11
 11290 | D:10     | Found a broken altar of Ashenzari.
 11473 | D:10     | Noticed a two-headed ogre
 11476 | D:10     | Killed a two-headed ogre
 11841 | D:10     | Gained mutation: You do not regenerate when monsters are
                  | visible. [potion of mutation]
 11841 | D:10     | Gained mutation: Your magical capacity is low. (-10% MP)
                  | [potion of mutation]
 11841 | D:10     | Gained mutation: You are dopey. (Int -2) [potion of
                  | mutation]
 11841 | D:10     | Gained mutation: Your spells are a little harder to cast,
                  | but a little more powerful. [potion of mutation]
 11842 | D:10     | Lost mutation: You are dopey. (Int -2) [potion of mutation]
 11842 | D:10     | Lost mutation: Your spells are a little harder to cast, but
                  | a little more powerful. [potion of mutation]
 11842 | D:10     | Lost mutation: You do not regenerate when monsters are
                  | visible. [potion of mutation]
 11842 | D:10     | Gained mutation: You possess an exceptional clarity of
                  | mind. [potion of mutation]
 11842 | D:10     | Gained mutation: You occasionally shout uncontrollably at
                  | your foes. [potion of mutation]
 11842 | D:10     | Gained mutation: You have large cloven feet. [potion of
                  | mutation]
 11842 | D:10     | Gained mutation: You are partially covered in large bone
                  | plates. (SH +4) [potion of mutation]
 11966 | D:10     | Reached skill level 1 in Spellcasting
 12118 | D:11     | Reached **** piety under Dithmenos
 12186 | D:11     | Noticed an orc knight
 12190 | D:11     | Lost mutation: You possess an exceptional clarity of mind.
                  | [potion of mutation]
 12190 | D:11     | Lost mutation: You occasionally shout uncontrollably at
                  | your foes. [potion of mutation]
 12190 | D:11     | Lost mutation: Your magical capacity is low. (-10% MP)
                  | [potion of mutation]
 12190 | D:11     | Gained mutation: Your muscles are strong. (Str +4, Int/Dex
                  | -1) [potion of mutation]
 12190 | D:11     | Gained mutation: You possess an exceptional clarity of
                  | mind. [potion of mutation]
 12194 | D:11     | Killed an orc knight
 12223 | D:11     | Noticed a deep elf pyromancer
 12236 | D:11     | Killed a deep elf pyromancer
 12237 | D:11     | Reached skill level 5 in Spellcasting
 12295 | D:11     | Noticed a centaur warrior
 12302 | D:11     | Killed a centaur warrior
 12310 | D:11     | Found a gate leading to a gauntlet.
 12311 | D:11     | Noticed a two-headed ogre
 12368 | D:11     | Killed a two-headed ogre
 12378 | Gauntlet | Entered a Gauntlet
 12378 | Gauntlet | Found a large runed translucent door.
 12378 | Gauntlet | Found a large runed translucent door.
 12378 | Gauntlet | Found a large runed translucent door.
 12378 | Gauntlet | Found a large runed translucent door.
 12378 | Gauntlet | Found a large runed translucent door.
 12378 | Gauntlet | Found a large runed translucent door.
 12378 | Gauntlet | Found a runed translucent door.
 12378 | Gauntlet | Found a transporter.
 12378 | Gauntlet | Found a transporter.
 12378 | Gauntlet | Found a runed translucent door.
 12378 | Gauntlet | Found a large runed translucent door.
 12378 | Gauntlet | Found a large runed translucent door.
 12378 | Gauntlet | Found a large runed translucent door.
 12378 | Gauntlet | Found a large runed translucent door.
 12378 | Gauntlet | Found a large runed translucent door.
 12378 | Gauntlet | Found a large runed translucent door.
 12420 | Gauntlet | Noticed a shining eye
 12571 | Gauntlet | Learned a level 1 spell: Slow
 12574 | Gauntlet | Found a transporter.
 12574 | Gauntlet | Found a transporter.
 12581 | Gauntlet | Noticed a wretched star
 12582 | Gauntlet | Noticed a quicksilver ooze
 12589 | Gauntlet | Found a transporter.
 12589 | Gauntlet | Noticed a reaper
 12602 | Gauntlet | Found a transporter.
 12610 | Gauntlet | Found a transporter.
 12610 | Gauntlet | Found a transporter.
 12624 | Gauntlet | Noticed a minotaur
 12634 | Gauntlet | Found a transporter.
 12641 | Gauntlet | Found a transporter.
 12664 | Gauntlet | Found a large runed translucent door.
 12665 | Gauntlet | Found a large runed translucent door.
 12667 | Gauntlet | Found a runed translucent gate.
 12668 | Gauntlet | Found a runed translucent gate.
 12669 | Gauntlet | Found a transporter.
 12669 | Gauntlet | Found a runed translucent gate.
 12687 | Gauntlet | Found a large runed translucent door.
 12688 | Gauntlet | Found a large runed translucent door.
 12715 | Gauntlet | Found a transporter.
 12728 | Gauntlet | Noticed an orange crystal statue
 12729 | Gauntlet | Found a transporter.
 12829 | Gauntlet | Found a transporter.
 12845 | Gauntlet | Found a transporter.
 12858 | Gauntlet | Found a transporter.
 13002 | Gauntlet | Reached skill level 1 in Hexes
 13012 | Gauntlet | HP: 2/84 [centaur warrior simulacrum (30)]
 13273 | Gauntlet | Noticed a tengu warrior
 13275 | Gauntlet | Noticed a four-headed hydra
 13280 | Gauntlet | Killed an orange crystal statue
 13281 | Gauntlet | Gained mutation: You sometimes gain power by taking damage.
                  | [demonic ancestry]
 13281 | Gauntlet | Reached XP level 12. HP: 26/91 MP: 8/19
 13548 | Gauntlet | HP: 3/91 [minotaur/silver javelin (18)]
 13548 | Gauntlet | Hit by a silver javelin thrown by a minotaur

Illustrated notes

Levels and vault maps discovered:
D:1:      matt_arrival_refuge, layout_rooms
D:2:      layout_basic, ebering_ecumenical_altar_webs
D:3:      minmay_octagon_keep, layout_loops_cross, gammafunk_ghost_arena
D:4:      layout_loops_ring, makhleb_altar_promises_db
D:5:      layout_basic, gup_sewer_entry_glass
D:6:      layout_loops_ring, minmay_temple_entry_mist, minmay_misc_feat_five,
          minmay_misc_feat_nine_boxes
D:7:      layout_basic, enter_bailey_2, uniq_prince_ribbit1
D:8:      layout_loops_corners, lair_entry_dummy
D:9:      layout_long_grid, grunt_temple_overflow_magic_moments,
          dreamdust_deal_with_the_devil
D:10:     minmay_evil_eye, layout_rooms, mainiacjoe_overflow_boulevard,
          ashenzari_conservatory_becter, minmay_door_square,
          grunt_decor_mini_mirrors, minivault_14, uniq_fannar
D:11:     minmay_tri_box, layout_cave_pods, orc_0_dummy, gauntlet_entry_generic,
          ebering_ghost_funeral_grove, nicolae_uskayaw_murder_on_the_dancefloor
Temple:   nicolae_temple_x_marks_the_god
Gauntlet: gammafunk_gauntlet_branching [nicolae_gauntlet_arena_grate_2,
          minmay_gauntlet_arena_make_your_own_arena,
          gammafunk_gauntlet_arena_corners, nicolae_gauntlet_arena_blocks,
          gammafunk_gauntlet_arena_hedges, nicolae_gauntlet_arena_flowing_pool,
          gammafunk_gauntlet_arena_grid, gammafunk_gauntlet_arena_split_diamond,
          dreamdust_gauntlet_exit_labyrinth]

Skill      XL: |  1  2  3  4  5  6  7  8  9 10 11 12 |
---------------+-------------------------------------+-----
Stealth        | 1 2 4 5 7 9 |  9.0
Fighting       | 3 4 7 |  7.0
Short Blades   | 3 4 6 8 9 |  9.0
Dodging        | 3 4 6 |  6.3
Evocations     | 1 3 6 9 |  9.0
Spellcasting   | 5 |  5.0
Armour         | 4 |  4.1
Hexes          | 2 3 |  3.2
Throwing       | |  1.7

Action                   |  1- 3 |  4- 6 |  7- 9 | 10-12 || total
-------------------------+-------+-------+-------+-------++-------
Melee: Rapier            |    84 |       |       |       ||    84
       Punch             |     1 |       |     9 |     6 ||    16
       Long sword        |    30 |       |       |       ||    30
       Short sword       |    20 |   117 |   503 |   408 ||  1048
       Kick              |       |       |       |    45 ||    45
Throw: Throwing net      |       |       |     6 |       ||     6
       Javelin           |       |       |       |     1 ||     1
 Cast: Slow              |       |       |       |     7 ||     7
Invok: Shadow Step       |       |       |       |     2 ||     2
Evoke: Wand              |       |       |     2 |    23 ||    25
  Use: Scroll            |     5 |     2 |     9 |     6 ||    22
       Potion            |     1 |       |     3 |     5 ||     9
 Stab: Sleeping          |     1 |     1 |    22 |    14 ||    38
       Distracted        |     2 |       |       |     2 ||     4
       Invisible         |     1 |       |       |     2 ||     3
       Held in net/web   |       |       |     2 |       ||     2
       Paralysed         |       |       |       |    15 ||    15
Armor: Leather armour    |    46 |    48 |   114 |    38 ||   246
       Scale mail        |       |       |     5 |       ||     5
Dodge: Dodged            |    74 |    56 |   305 |   254 ||   689
Block: Other             |       |       |       |    80 ||    80
       Reflection        |       |       |       |     9 ||     9

Table legend: (Time is in decaauts)
 A = Elapsed time spent in this place.
 B = Non-inter-level travel time spent in this place.
 C = Inter-level travel time spent in this place.
 D = Time resting spent in this place.
 E = Time spent auto-exploring this place.
 F = Levels seen in this place.
 G = Mean time per level.
                   A        B        C        D        E       F      G
               +--------+--------+--------+--------+--------+-----+--------+
         Total |  13330 |  12978 |    352 |   2609 |   7265 |  15 |  888.7 |
       Dungeon |  10446 |  10111 |    335 |   1602 |   6294 |  11 |  949.6 |
        Temple |     69 |     52 |     17 |      0 |     47 |   1 |   69.0 |
         Sewer |    894 |    894 |      0 |      0 |    598 |   1 |  894.0 |
        Bailey |    763 |    763 |      0 |    430 |     48 |   1 |  763.0 |
      Gauntlet |   1155 |   1155 |      0 |    577 |    278 |   1 | 1155.0 |
               +--------+--------+--------+--------+--------+-----+--------+

Top non-repeatable levels by time:
     D:5: 1940 daAuts
     D:8: 1444 daAuts
    D:10: 1169 daAuts
Gauntlet: 1155 daAuts
     D:4: 1041 daAuts
     D:6: 959 daAuts
   Sewer: 894 daAuts
     D:9: 820 daAuts
     D:7: 819 daAuts
  Bailey: 763 daAuts
     D:3: 758 daAuts
     D:2: 620 daAuts
     D:1: 599 daAuts
    D:11: 274 daAuts
  Temple: 69 daAuts
